 Dungeon Crawl Stone Soup version 0.27-a0-1191-g601b473118 (webtiles) character file.

Game seed: 9837669571304167547

822 Lanoc the Grave Robber (level 7, -1/70 HPs)
             Began as a Troll Necromancer on May 23, 2021.
             Was an Initiate of Gozag.
             Slain by a gnoll
             ... wielding a +0 halberd
              (3 damage)
             ... on level 4 of the Dungeon.
             The game lasted 00:08:06 (3851 turns).

Lanoc the Grave Robber (Troll Necromancer)          Turns: 3851, Time: 00:08:06

Health: -1/70      AC:  5    Str: 17    XL:     7   Next: 63%
Magic:  2/7        EV: 10    Int: 13    God:    Gozag
Gold:   655        SH:  0    Dex: 10    Spells: 4/8 levels left

rFire    . . .     SeeInvis .   (no weapon)
rCold    . . .     Faith    .   (no shield)
rNeg     . . .     Spirit   .   a - +0 robe
rPois    .         Reflect  .   (helmet restricted)
rElec    .         Harm     .   b - +0 cloak
rCorr    .         Rampage  .   (gloves unavailable)
Will     .....                  (boots unavailable)
Stlth    +.........             (no amulet)
HPRegen  1.21/turn              (no ring)
MPRegen  0.10/turn              (no ring)

@: no status effects
A: large, unfitting armour, claws 3, regeneration 1, shaggy fur 1, tough skin 1
a: Renounce Religion, Potion Petition, Call Merchant, Bribe Branch


You were on level 4 of the Dungeon.
You worshipped Gozag.
Gozag was pleased with you.
You visited 1 branch of the dungeon, and saw 4 of its levels.
You also visited: Sewer.

You collected 655 gold pieces.

Inventory:

Armour
 a - a +0 robe (worn)
 b - a +0 cloak (worn)
Wands
 c - a wand of charming (6)
Scrolls
 f - 5 scrolls of identify
 i - 3 scrolls of teleportation
 l - a scroll of amnesia {unknown}
 n - a scroll of acquirement {unknown}
Potions
 d - 7 potions of curing
 e - 4 potions of heal wounds
 g - 2 potions of brilliance {unknown}
 h - 3 potions of flight {unknown}
 j - a potion of degeneration {unknown}
 k - 2 potions of ambrosia {unknown}
 m - a potion of lignification {unknown}


   Skills:
 + Level 4.0 Fighting
 + Level 4.4 Dodging
 - Level 1.0 Stealth
 - Level 1.2 Spellcasting
 - Level 5.1 Necromancy


You had 4 spell levels left.
You knew the following spells:

 Your Spells              Type           Power      Damage    Failure   Level
a - Pain                  Necr           56%        1d6       3%          1
b - Vampiric Draining     Necr           7%         2d7       10%         3

Your spell library contained the following spells:

 Spells                   Type           Power      Damage    Failure   Level
 Animate Skeleton         Necr           28%        N/A       3%          1
 Beastly Appendage        Tmut           0%         N/A       28%         1
 Magic Dart               Conj           0%         1d3       28%         1
 Animate Dead             Necr           7%         N/A       32%         4
 Blink                    Tloc           N/A        N/A       38%         2
 Call Imp                 Summ           0%         N/A       38%         2
 Slow                     Hex            0%         N/A       38%         2
 Wereblood                Tmut           0%         N/A       38%         2
 Conjure Flame            Conj/Fire      0%         6-21      63%         3
 Mephitic Cloud           Conj/Pois/Air  0%         N/A       63%         3
 Spider Form              Tmut/Pois      0%         N/A       63%         3
 Ice Form                 Ice/Tmut       0%         N/A       95%         4
 Agony                    Necr           14%        N/A       67%         5
 Hydra Form               Tmut           0%         N/A       100%        5


Dungeon Overview and Level Annotations

Branches:
Dungeon (4/15)             Temple (0/1) D:4           Sewer (visited)

Altars:
Gozag


Innate Abilities, Weirdness & Mutations

You are too large for most types of armour.
You have claws for hands.
Your natural rate of healing is unusually fast.
You are covered in fur. (AC +1)
You have tough skin. (AC +1)


Message History

The gnoll hits you with a +0 halberd. x2
Things that are here:
5 gold pieces; a +0 halberd; a scroll labelled ILEAGOV RANO You scratch the gnoll.
The gnoll is lightly wounded.
The gnoll hits you with a +0 halberd. The gnoll closely misses you.
You barely miss the gnoll.
The gnoll is lightly wounded.
The gnoll barely misses you. The gnoll closely misses you.
The gnoll hits you from afar with a +0 halberd!
The gnoll closely misses you.
You see here 7 gold pieces.
The endoplasm becomes distracted by the nearby gold, dreaming of imaginary riches.
The gnoll hits you from afar with a +0 halberd.
The gnoll hits you with a +0 halberd!
You see here 7 gold pieces.
Casting: Vampiric Draining (dangerous; 10% risk of failure)
Confirm with . or Enter, or press ? or * to list all spells.
Aiming: Vampiric Draining (dangerous; 10% risk of failure)
Press: ? - help, Shift-Dir - straight line, f - gnoll
Aim: a gnoll, wielding a +0 halberd and wearing a +0 robe (lightly wounded)
You draw life force from the gnoll!
You feel life coursing into your body.
The endoplasm quivers.
The gnoll barely misses you. The gnoll hits you with a +0 halberd!
You are too injured to fight recklessly!
You barely miss the gnoll.
The gnoll is almost dead.
The gnoll hits you from afar with a +0 halberd!
* * * LOW HITPOINT WARNING * * *
The gnoll hits you with a +0 halberd.
* * * LOW HITPOINT WARNING * * *
You completely miss the gnoll.
The gnoll is severely wounded.
The gnoll hits you from afar with a +0 halberd!
* * * LOW HITPOINT WARNING * * *
The gnoll barely misses you.
The endoplasm is no longer distracted by gold.
The gnoll hits you from afar with a +0 halberd.
You die...
Your body crumbles into a pile of gold.

#..................##
#....(.........##....
#.................#.8
#............#.......
#........##..#..<.8.>
#....#.......#.#.....
#.####.#####.#...>#.8
#....#.# #.####....
####@#.#####.# #....
#$#.......# #....
#g#....####
#####gg..#
.....JZ...#
.........$..O....
.g............##.
..............# $
..............#


You could see 2 gnolls, an endoplasm, a hobgoblin and a bullfrog skeleton.

Vanquished Creatures
  Grinder (D:3)
  Sigmund (D:3)
  2 jellies
  2 orc priests (D:4)
  Jessica (D:3)
  Terence (D:3)
  2 gnolls
  9 river rats
  6 adders
  2 worms
  8 dart slugs
  5 orcs
  5 endoplasms
  6 giant cockroaches
  5 goblins
  7 hobgoblins
  4 quokkas
  13 ball pythons
  6 bats
  2 frilled lizards
  19 kobolds
  23 rats
130 creatures vanquished.

Vanquished Creatures (collateral kills)
  A ball python (D:3)
  A frilled lizard (D:3)
2 creatures vanquished.

Grand Total: 132 creatures vanquished

Notes
Turn   | Place    | Note
-------+----------+-------------------------------------------
     0 | D:1      | Lanoc the Troll Necromancer began the quest for the Orb.
     0 | D:1      | Reached XP level 1. HP: 16/16 MP: 1/1
    81 | D:1      | Reached XP level 2. HP: 23/26 MP: 0/2
   392 | D:1      | Reached XP level 3. HP: 13/32 MP: 0/3
   638 | D:1      | Reached skill level 1 in Fighting
  1153 | D:2      | Reached skill level 4 in Necromancy
  1732 | D:3      | Reached XP level 4. HP: 13/41 MP: 0/4
  1815 | D:3      | Noticed Jessica
  1816 | D:3      | Noticed Grinder
  1821 | D:3      | Killed Jessica
  1828 | D:3      | Found a faded altar of an unknown god.
  1840 | D:3      | Killed Grinder
  1841 | D:3      | Reached skill level 5 in Necromancy
  1841 | D:3      | Reached XP level 5. HP: 38/49 MP: 2/5
  1841 | D:3      | Reached XP level 6. HP: 44/57 MP: 2/6
  1845 | D:3      | Became a worshipper of Gozag Ym Sagoz the Greedy
  1895 | D:3      | You fall into a shaft and drop 1 floor!
  1983 | D:3      | Found a glowing drain.
  1995 | Sewer    | Entered a sewer
  2712 | D:3      | Reached XP level 7. HP: 66/67 MP: 7/7
  2903 | D:3      | Noticed Terence
  2911 | D:3      | Killed Terence
  3232 | D:3      | Noticed Sigmund
  3262 | D:3      | Killed Sigmund
  3271 | D:3      | Learned a level 3 spell: Vampiric Draining
  3632 | D:4      | Found a staircase to the Ecumenical Temple.
  3850 | D:4      | HP: 1/70 [gnoll/+0 halberd (15)]
  3851 | D:4      | Slain by a gnoll

Illustrated notes

Levels and vault maps discovered:
D:1:      lightli_arrival_boilingwater, layout_basic, minmay_fountain_box,
          interstate_on_off
D:2:      layout_basic, minmay_tromino_i4
D:3:      kennysheep_slugbush, layout_basic, basic_ecumenical_altar,
          portal_sewer_entry_b, uniq_sigmund, uniq_terence, uniq_jessica,
          uniq_grinder
D:4:      layout_basic, minmay_temple_entry_statues_pillars,
          minmay_misc_feat_nine_boxes

Skill      XL: |  1  2  3  4  5  6  7 |
---------------+----------------------+-----
Dodging        | 2 3 4 |  4.4
Fighting       | 1 2 3 4 |  4.0
Necromancy     | 4 5 |  5.1
Stealth        | |  1.0
Spellcasting   | |  1.2

Action                   |  1- 3 |  4- 6 |  7- 9 || total
-------------------------+-------+-------+-------++-------
Melee: Unarmed           |   125 |   227 |   127 ||   479
 Cast: Pain              |    18 |    14 |     2 ||    34
       Vampiric Draining |       |       |     5 ||     5
  Use: Potion            |       |     2 |       ||     2
       Scroll            |       |     4 |       ||     4
 Stab: Sleeping          |     1 |       |     2 ||     3
Armor: Robe              |    47 |   126 |    47 ||   220
Dodge: Dodged            |    69 |   159 |    80 ||   308

Table legend: (Time is in decaauts)
 A = Elapsed time spent in this place.
 B = Non-inter-level travel time spent in this place.
 C = Inter-level travel time spent in this place.
 D = Time resting spent in this place.
 E = Time spent auto-exploring this place.
 F = Levels seen in this place.
 G = Mean time per level.
                   A        B        C        D        E       F      G
               +--------+--------+--------+--------+--------+-----+--------+
         Total |   3885 |   3817 |     68 |     35 |   2720 |   5 |  777.0 |
       Dungeon |   3162 |   3094 |     68 |     35 |   2312 |   4 |  790.5 |
         Sewer |    723 |    723 |      0 |      0 |    408 |   1 |  723.0 |
               +--------+--------+--------+--------+--------+-----+--------+

Top non-repeatable levels by time:
     D:1: 914 daAuts
     D:3: 858 daAuts
     D:2: 846 daAuts
   Sewer: 723 daAuts
     D:4: 542 daAuts
